AoeStats
← Jari Emil Sillanpää

Arabia

507550782Analyzed
2v2 RM · 14d ago on Sep 18, 2026· 13m 52s· 4 players
Game mode
Random Map
Map size
Medium (4 player)
Population
200
Speed
Normal
Resources
Standard
Victory
Conquest
Starting age
Dark Age
Ending age
Imperial Age
RankedLock teamsTeams togetherTeam positionsShared explorationLock speedFull tech treeHidden civsTurbo modeCheats
Victory
Defeat
🇫🇮 Britons · Finland
1528
+21
🇫🇮 Magyars · Finland
1521
+15
🇧🇴 Ethiopians · Bolivia
1595
-19
🇪🇸 Khmer · Spain
1410
-11
Tauno Palo
5:40 Loom
6:30 Loom
8:54 Feudal Age
9:37 Double-Bit Axe
Jari Emil Sillanpää
6:51 Loom
8:56 Feudal Age
9:46 Double-Bit Axe
MISTER COLLEJAS
5:14 Loom
9:32 Feudal Age
10:17 Horse Collar
[ECU] Pendeck's
7:42 Loom
11:06 Feudal Age
11:50 Double-Bit Axe
11:46 Horse Collar
12:40 Man-at-Arms
Connection lost

Rejoining the realm…

Still unreachable

The connection could not be restored.

Session expired

The server has moved on; the page needs a fresh start.